 Dungeon Crawl Stone Soup version 0.30.1-4-g462c640d31 (webtiles) character file.

Game seed: 355298713343976616

198 Cheops the Caller (level 5, -1/28 HPs)
             Began as a Tengu Summoner on Sept 7, 2023.
             Slain by Pikel
             ... wielding a +2 whip of electrocution
              (8 damage)
             ... on level 4 of the Dungeon.
             The game lasted 00:18:25 (2974 turns).

Cheops the Caller (Tengu Summoner)                  Turns: 2974, Time: 00:18:26

Health: -1/28      AC:  2    Str:  8    XL:     5   Next: 76%
Magic:  8/12       EV: 19    Int: 18    God:
Gold:   107        SH:  0    Dex: 14    Spells: 3/12 levels left

rFire   . . .        a - +8 hand axe "Giant's Foe" {heavy, rPois}
rCold   . . .        (no shield)
rNeg    . . .        u - +0 robe
rPois   +            (helmet restricted)
rElec   .            (no cloak)
rCorr   .            (no gloves)
SInv    .            (boots unavailable)
Will    .....        (no amulet)
Stlth   ++           j - +5 ring of evasion
HPRegen 0.24/turn    (no ring)
MPRegen 0.13/turn

%: no passive effects
@: flying quickly and evasively, quick
A: beak, talons 3, nimble flight
a: no special abilities


You were on level 4 of the Dungeon.
You visited 1 branch of the dungeon, and saw 4 of its levels.

You collected 107 gold pieces.

Inventory:

Hand Weapons
 a - the +8 hand axe "Giant's Foe" (weapon) {heavy, rPois}
   (You found it on level 3 of the Dungeon)

   rPois:     It protects you from poison.
 b - a +0 dagger
Armour
 u - a +0 robe (worn)
Jewellery
 j - a +5 ring of evasion (left hand)
Scrolls
 d - 3 scrolls of teleportation {unknown}
 f - a scroll of brand weapon {unknown}
 g - a scroll of amnesia {unknown}
 h - a scroll of immolation {unknown}
 i - 2 scrolls of identify {unknown}
 m - a scroll of silence {unknown}
 o - a scroll of vulnerability {unknown}
 p - a scroll of fog {unknown}
 r - a scroll of butterflies {unknown}
 t - a scroll of blinking {unknown}
 v - a scroll of enchant armour {unknown}
Potions
 c - 3 potions of flight {unknown}
 e - a potion of magic
 k - a potion of berserk rage {unknown}
 l - 2 potions of might {unknown}
 n - 2 potions of heal wounds {unknown}
 q - a potion of mutation {unknown}
 s - a potion of degeneration {unknown}


   Skills:
 - Level 2.1 Dodging
 - Level 2.0 Stealth
 - Level 4.0 Spellcasting
 + Level 1.6 Hexes
 - Level 6.0 Summonings


You had 3 spell levels left.
You knew the following spells:

 Your Spells              Type           Power      Damage    Failure   Level
c - Call Canine Familiar  Summ           25%        N/A       3%          3
i - Call Imp              Summ           50%        N/A       1%          2
m - Summon Small Mammal   Summ           100%       N/A       1%          1
G - Summon Guardian Gole  Hex/Summ       17%        N/A       10%         3

Your spell library contained the following spells:

 Spells                   Type           Power      Damage    Failure   Level
 Slow                     Hex            36%        N/A       8%          1
 Poisonous Vapours        Pois/Air       6%         N/A       22%         2
 Confusing Touch          Hex            9%         N/A       22%         3
 Mephitic Cloud           Conj/Pois/Air  3%         N/A       41%         3
 Vampiric Draining        Necr           3%         2d6       41%         3
 Summon Lightning Spire   Summ/Air       14%        N/A       38%         4
 Freezing Cloud           Conj/Ice/Air   1%         6-21      99%         5


Dungeon Overview and Level Annotations

Branches:
Dungeon (4/15)
 Temple: D:4-7

Altars:
Ashenzari
Cheibriados
Elyvilon
Kikubaaqudgha
Uskayaw
Yredelemnul
The Shining One

Shops:
D:1 (

Annotations:
D:4 Pikel


Innate Abilities, Weirdness & Mutations

You have a beak for a mouth.
You have claws for feet.
Your magical nature lets you fly swiftly and evasively.


Message History

Roots grab your hound.
Pikel is unaffected.
The grasping roots constrict your hound!
Your hound bites Pikel but does no damage.
You hear a shout! x2
Your hound barely misses Pikel.
Pikel waves his whip at you.
Pikel zaps a wand.
The roots erupt in riotous growth!
Your hound is unaffected.
Pikel is unaffected.
Roots grab your cerulean imp.
The grasping roots constrict your hound!
The grasping roots constrict your cerulean imp.
Your cerulean imp hits Pikel but does no damage.
Your hound barely misses Pikel.
Pikel hits your hound with a +2 whip of electrocution!
Your hound dies!
Your hound's corpse disappears in a puff of smoke!
The grasping roots constrict your cerulean imp!
Your cerulean imp dies!
Your cerulean imp disappears in a puff of smoke!
Casting: Call Imp (safe; 1% risk of failure)
Confirm with . or Enter, or press ? or * to list all spells.
An orc comes into view. It is wielding a +0 hand axe.
You miss Pikel. You peck Pikel, but do no damage. Pikel barely misses you.
Your hound bites Pikel but does no damage.
The lemure misses you.
An orc comes into view. It is wielding a +0 mace.
Pikel hits you with a +2 whip of electrocution.
You are electrocuted!
Ouch! That really hurt!
* * * LOW HITPOINT WARNING * * *
Your hound bites Pikel.
You slice Pikel!!
Pikel is heavily wounded.
You closely miss the lemure. Your hound misses Pikel.
The lemure barely misses you.
Pikel drinks a potion.
Pikel is healed!
Your hound barely misses Pikel.
The lemure completely misses you.
Pikel hits you with a +2 whip of electrocution!
You die...

.##...#.#.# .5
.##...#.#.# ####.
..........# #+##...
........#.# .....
........#.# #.#.#
........#.## #.#o##
...........# #..o.#
...#.......###.#K5# #
...#.......#...h@.#.#
#.##.......#.#......#
#.##.......#.#....###
#.##.......#.#.##.#
#.##.......#.#.##.#
#.##########......#
#...†..#######.####
####......####.#
#.#.........#


You could see Pikel (ally target), a lemure, 2 orcs and a friendly hound
(summoned).

Vanquished Creatures
  Jessica (D:2)
  5 adders
  A white imp (D:3)
  3 worms
  3 dart slugs
  An orc (D:3)
  A ball python (D:1)
  A bat (D:2)
  7 endoplasms
  A giant cockroach (D:4)
  4 goblins
  2 hobgoblins
  2 jackals (D:4)
  6 kobolds
  3 frilled lizards
  3 rats
44 creatures vanquished.

Vanquished Creatures (collateral kills)
  2 lemures
  An iguana (D:3)
  2 adders
  An endoplasm (D:1)
  4 giant cockroaches
  A goblin (D:1)
  2 hobgoblins (D:1)
  A quokka (D:1)
  3 bats
  2 frilled lizards
  3 kobolds (D:1)
  A rat (D:1)
23 creatures vanquished.

Grand Total: 67 creatures vanquished

Notes
Turn   | Place    | Note
-------+----------+-------------------------------------------
     0 | D:1      | Cheops the Tengu Summoner began the quest for the Orb.
     0 | D:1      | Reached XP level 1. HP: 10/10 MP: 4/4
   122 | D:1      | Reached skill level 5 in Summonings
   215 | D:1      | Reached XP level 2. HP: 15/15 MP: 3/6
   218 | D:1      | Learned a level 2 spell: Call Imp
   280 | D:1      | Found Elaari's Weapon Shoppe.
   475 | D:1      | Reached XP level 3. HP: 19/19 MP: 5/8
   479 | D:1      | Learned a level 3 spell: Call Canine Familiar
   785 | D:2      | Found a glowing golden altar of the Shining One.
   863 | D:2      | Reached XP level 4. HP: 24/24 MP: 9/9
   919 | D:2      | Reached skill level 6 in Summonings
   923 | D:2      | Learned a level 3 spell: Summon Guardian Golem
  1147 | D:2      | Noticed Jessica
  1152 | D:2      | Killed Jessica
  1241 | D:2      | Gained mutation: Your magical nature lets you fly swiftly
                  | and evasively. [Tengu growth]
  1241 | D:2      | Reached XP level 5. HP: 28/28 MP: 11/11
  1600 | D:3      | Found a white marble altar of Elyvilon.
  1645 | D:3      | Found a faded altar of an unknown god.
  1768 | D:3      | Reached skill level 1 in Hexes
  1981 | D:3      | Identified the +8 hand axe "Giant's Foe" {heavy, rPois}
  2166 | D:3      | Found a snail-covered altar of Cheibriados.
  2171 | D:3      | Found a broken altar of Ashenzari.
  2172 | D:3      | Found a basalt altar of Yredelemnul.
  2173 | D:3      | Found an ancient bone altar of Kikubaaqudgha.
  2175 | D:3      | Found a hide-covered altar of Uskayaw.
  2436 | D:4      | Noticed Pikel
  2436 | D:4      | Noticed a lemure
  2436 | D:4      | Noticed a lemure
  2436 | D:4      | Noticed a lemure
  2441 | D:3      | Killed a lemure
  2924 | D:4      | Noticed a lemure
  2941 | D:4      | Killed a lemure
  2974 | D:4      | Slain by Pikel

Illustrated notes

Levels and vault maps discovered:
D:1:      lightli_arrival_noodles, layout_basic, serial_shops,
          nicolae_shop_advertising_works [nicolae_subvault_shop_adworks]
D:2:      layout_loops_ring, basic_altar, uniq_jessica
D:3:      layout_basic, lemuel_doored_altar, minitemple,
          hellmonk_ecumenical_altar_arch_garden, minmay_misc_feat_iff
D:4:      layout_loops_cross, gammafunk_temple_overflow_statue, uniq_pikel

Skill      XL: |  1  2  3  4  5 |
---------------+----------------+-----
Summonings     | 5 6 |  6.0
Spellcasting   | 3 4 |  4.0
Hexes          | 1 |  1.6
Dodging        | |  2.1
Stealth        | |  2.0

Action                     |  1- 3 |  4- 6 || total
---------------------------+-------+-------++-------
  Melee: Unarmed           |    15 |       ||    15
         Kick              |    16 |    19 ||    35
         Peck              |     5 |    12 ||    17
         Dagger            |    42 |    35 ||    77
         Hand axe          |       |    31 ||    31
         Punch             |       |     1 ||     1
   Cast: Summon Small Mamm |    11 |       ||    11
         Call Imp          |     3 |     6 ||     9
         Call Canine Famil |     4 |     5 ||     9
   Stab: Distracted        |     2 |       ||     2
         Sleeping          |       |     6 ||     6
 Armour: Robe              |     7 |     3 ||    10
  Dodge: Dodged            |    53 |    56 ||   109
